Map: Dusk Towers

Players

Miszu

  • Race: Terran Terran
  • League: Grandmaster

Khyira - Winner!

  • Race: Terran Terran
  • League: Grandmaster

VOD

Have the link to the VOD?

Description

Time

  • Played on: May 16, 2016, 2:46 p.m.
  • Length: 6:54
Show
View Real Time Build Order
Export as new Build Order

Miszu Terran 

Build Orders: 1/1/1, Banshee Rush 

Get SALT Encoding   

  12  0:00  SCV  
  13  0:12  SCV  
  14  0:17  Supply Depot  
  14  0:24  SCV  
  15  0:30  Refinery  
  15  0:39  SCV  
  16  0:44  Barracks  
  16  0:51  SCV  
  16  0:54  Refinery  
  17  1:03  SCV  
  18  1:15  SCV  
  19  1:32  Orbital Command  
  19  1:33  Factory  
  19  1:36  Reaper  
  20  1:44  Supply Depot  
  20  1:58  SCV  
  21  2:08  Reaper  
  21  2:13  SCV  
  23  2:17  Starport, Hellion  
  23  2:22  Supply Depot  
  25  2:30  SCV  
  26  2:40  Reaper  
  26  2:42  SCV  
  26  2:43  Hellion  
  30  2:54  Medivac  
  34  3:06  Hellion  
  34  3:13  Barracks Tech Lab  
  34  3:17  Command Center  
  34  3:19  SCV  
  35  3:24  Supply Depot  
  35  3:36  SCV  
  36  3:42  Barracks Reactor  
  36  3:44  Cloaking Field, Banshee  
  39  3:51  SCV  
  39  3:54  Supply Depot, Factory Tech Lab  
  40  4:20  SCV  
  40  4:22  Marine x2  
  36  4:40  SCV  
  36  4:50  Banshee  
  33  4:53  SCV  
  33  4:58  Marine x2  
  35  5:06  SCV  
  35  5:16  Marine x2  
  35  5:19  Siege Tank  
  40  5:22  SCV  
  41  5:35  Barracks  
  41  5:37  Barracks  
  41  5:39  SCV  
  41  5:42  Starport Reactor, Orbital Command  
  39  5:51  SCV  
  40  6:03  SCV  
  41  6:08  Marine  
  42  6:15  SCV  
  43  6:21  SCV  
  43  6:24  Marine  
  43  6:25  Barracks Reactor  
  45  6:26  Marine  
  45  6:27  SCV  
  44  6:33  SCV  
Show
View Real Time Build Order
Export as new Build Order

Khyira Terran - Winner!

Build Orders: 1/1/1, Widow Mine Drop 

Get SALT Encoding   

  12  0:00  SCV  
  13  0:13  SCV  
  14  0:17  Supply Depot  
  14  0:25  SCV  
  15  0:29  Refinery  
  15  0:39  SCV  
  16  0:44  Barracks  
  16  0:51  SCV  
  17  1:03  SCV  
  18  1:15  SCV  
  19  1:30  Orbital Command  
  19  1:31  Marine  
  20  1:33  Factory  
  20  1:45  Supply Depot  
  20  1:49  Marine  
  21  1:58  SCV  
  22  2:07  Marine  
  23  2:12  SCV  
  24  2:18  Starport, Widow Mine  
  26  2:24  SCV  
  26  2:29  Supply Depot  
  27  2:30  Marine  
  27  2:36  SCV  
  28  2:47  Marine  
  28  2:50  SCV  
  32  2:58  Medivac  
  32  3:00  Hellion  
  32  3:03  SCV  
  35  3:08  Marine  
  35  3:10  Command Center  
  36  3:13  Refinery  
  36  3:15  SCV  
  37  3:22  Factory Tech Lab  
  37  3:27  SCV  
  38  3:36  Marine  
  39  3:44  Supply Depot  
  39  3:57  Supply Depot  
  39  4:00  Engineering Bay  
  39  4:03  SCV  
  39  4:06  Viking, Marine  
  41  4:15  SCV  
  34  4:23  Marine, Cyclone  
  38  4:27  SCV  
  36  4:44  Liberator  
  30  4:53  SCV  
  31  5:05  SCV, Missile Turret  
  33  5:14  Marine  
  33  5:15  Widow Mine  
  33  5:17  SCV  
  36  5:29  SCV  
  37  5:44  Barracks Reactor, Siege Tank  
  40  5:51  Medivac  
  40  5:54  SCV, Orbital Command  
  43  5:58  Missile Turret  
  43  6:02  Barracks  
  43  6:06  SCV  
  44  6:18  SCV  
  44  6:24  SCV  
  45  6:29  Marine x2  
  47  6:34  SCV  
  47  6:37  SCV  
  50  6:53  Barracks Tech Lab  
Tags
 
Add a new tag
Caveats
  • Supply blocks, unpowered buildings, or Contaminate may cause inaccurate times.
  • Supply counts are checked every 10 seconds.